Cogmind - Beta 9.1 @@@ ROGUE MODE // 2019.11.05 @ 22:07:06 Player: Abers Result: Destroyed by G-34 Mercenary with Small Laser Performance ------------- Evolutions (0) 0 Regions Visited (1) 200 Robots Destroyed (4) 20 Value Destroyed (67) 67 Prototype IDs (0) 0 Alien Tech Used (0) 0 Bonus (0) 0 TOTAL SCORE: 287 Bonus ------- None Cogmind --------- Core Integrity 0/250 Matter 300/300 Energy 100/100 System Corruption 0% Temperature Cool (6) Location -10/Materials Parts ------- Power (1) Propulsion (2) Utility (2) Small Storage Unit Weapon (2) Inventory (6) Wheel Peak State ------------ Power Ion Engine Propulsion Light Treads Light Treads Utility Small Storage Unit Improved Terrain Scanner Weapon EM Pulse Gun Light Assault Rifle Inventory Wheel [Rating: 8] Favorites ----------- Power Ion Engine Engine Ion Engine Propulsion Light Treads Treads Light Treads Wheel Wheel Utility Small Storage Unit Device Improved Terrain Scanner Storage Small Storage Unit Weapon Light Assault Rifle Energy Gun EM Pulse Gun Ballistic Gun Light Assault Rifle Build | -11 -10 ------- Run | Scr Mat Slots Evolved . | . . Power . | . . Propulsion . | . . Utility . | . . Weapon . | . . Parts Attached 8 | 8 . Power 1 | 1 . Engine 1 | 1 . Core . | . . Reactor . | . . Propulsion 3 | 3 . Treads 2 | 2 . Leg . | . . Wheel 1 | 1 . Hover . | . . Flight . | . . Utility 2 | 2 . Device 1 | 1 . Storage 1 | 1 . Processor . | . . Hackware . | . . Protection . | . . Artifact . | . . Weapon 2 | 2 . Energy Gun 1 | 1 . Energy Cannon . | . . Ballistic Gun 1 | 1 . Ballistic Cannon . | . . Launcher . | . . Special Weapon . | . . Impact Weapon . | . . Slashing Weapon . | . . Piercing Weapon . | . . Special Melee Weapon . | . . Unidentified Prototypes . | . . Parts Lost 6 | . 6 Power 1 | . 1 Propulsion 2 | . 2 Utility 1 | . 1 Weapon 2 | . 2 Highest Loss Streak 6 | . 6 Average Slot Usage (%) 72 | . 72 Engine 11 | . 11 Treads 22 | . 22 Device 10 | . 10 Storage 14 | . 14 Energy Gun 5 | . 5 Ballistic Gun 7 | . 7 Naked Turns . | . . Heaviest Build 13 | 13 13 Greatest Support 40 | 40 40 Greatest Overweight (x) 2 | 2 . Average Overweight (x) . | . . Largest Inventory Capacity 6 | 6 6 Average Capacity 5 | 5 6 Most Carried 4 | 4 1 Average Carried 1 | 1 1 Final Capacity 6 | 6 6 Final Carried 1 | 1 1 Class Distribution -------------------- 100% | Mutant Dominant Class ---------------- Mutant | -10/Materials Resources | -11 -10 ----------- Run | Scr Mat Matter Collected 289 | 289 . Remotely . | . . Salvage Created 177 | 154 23 Parts 15 | 13 2 Haulers Intercepted . | . . Recyclers Shooed 1 | 1 . Parts Field Recycled . | . . Retrieved Matter . | . . Parts Self-Destructed . | . . Prevented . | . . Kills | -11 -10 ------- Run | Scr Mat Combat Hostiles Destroyed 1 | . 1 Melee 1 | . 1 Classes Destroyed 3 | 2 1 Tunneler 2 | 2 . Recycler 1 | 1 . Grunt 1 | . 1 Best Kill Streak 3 | 3 1 Combat Bots Only 1 | . 1 Max Kills in Single Turn 1 | 1 1 Gunslinging . | . . Exploded . | . . Melee 1 | . 1 Uniques/NPCs Destroyed . | . . Combat | -11 -10 -------- Run | Scr Mat Damage Taken 830 | . 830 Core 251 | . 251 Absorbed by Shields . | . . Core Remaining (%) 100 | 100 . Volleys Fired 27 | 9 18 Largest 2 | 2 2 Hottest 60 | 60 60 Shots Fired 47 | 18 29 Gun 47 | 18 29 Cannon . | . . Launcher . | . . Special . | . . Kinetic 27 | 9 18 Thermal . | . . Explosive . | . . Electromagnetic 20 | 9 11 Robot Hit Streak 7 | 6 7 Robot Miss Streak 6 | 1 6 Penetration Max . | . . Secondary Targets . | . . Shots Hit Robots 31 | 12 19 Core Hits 12 | 5 7 Critical Hits . | . . Critical Kills . | . . Critical Parts Destroyed . | . . Melee Attacks . | . . Impact . | . . Slashing . | . . Piercing . | . . Sneak Attacks . | . . Combat Hostiles . | . . Follow-up Attacks . | . . Damage Inflicted 130 | 105 25 Guns 105 | 105 . Cannons . | . . Explosions . | . . Melee . | . . Ramming 25 | . 25 Kinetic 20 | 20 . Thermal . | . . Explosive . | . . Electromagnetic 85 | 85 . Impact . | . . Slashing . | . . Piercing . | . . Highest Corruption . | . . Average Corruption . | . . Corruption Purged . | . . Overload Shots . | . . Overflow Damage . | . . Projectiles . | . . Explosions . | . . Melee . | . . Knockbacks . | . . Impact . | . . Kinetic . | . . Secondary . | . . Self-Inflicted Damage 5 | . 5 Shots . | . . Rammed 19 | . 19 Targets Rammed 20 | . 20 Kicked . | . . Crushed 1 | . 1 Highest Temperature 226 | 40 226 Average Temperature 96 | 21 130 Received Heat Transfer 459 | . 459 Siege Activations . | . . Robots Corrupted . | . . Combat Hostiles . | . . Parts Fried . | . . Impact Corruptions . | . . Robots Melted . | . . Combat Hostiles . | . . Parts Melted . | . . Heat Transferred . | . . Parts Sabotaged . | . . Parts Stolen . | . . Parts Stripped . | . . Power Chain Reactions . | . . Missiles Intercepted . | . . Alert | -11 -10 ------- Run | Scr Mat Peak Influence 30 | 15 30 Average Influence 9 | 9 8 Maximum Alert Level . | . . Low Security (%) 100 | . . Level 1 . | . . Level 2 . | . . Level 3 . | . . Level 4 . | . . Level 5 . | . . High Security . | . . Max Security . | . . Squads Dispatched . | . . Investigation . | . . Extermination . | . . Reinforcement . | . . Assault . | . . Garrison . | . . Intercept . | . . Construction Impeded . | . . Haulers Reinforced . | . . Stealth | -11 -10 --------- Run | Scr Mat Distress Signals . | . . Communications Jammed . | . . Distress Signals . | . . Times Spotted 2 | . 2 Peak Tracking Total 2 | . 2 Tactical Retreats . | . . Traps | -11 -10 ------- Run | Scr Mat Traps Triggered . | . . Indirectly . | . . Trap Hack Attempts . | . . Triggered . | . . Disarmed . | . . Reprogrammed . | . . Reused . | . . Traps Extracted . | . . Installed . | . . Triggered . | . . Machines | -11 -10 ---------- Run | Scr Mat Machines Disabled . | . . Max in Single Turn . | . . Machines Sabotaged . | . . Garrisons Compromised . | . . Overloaded Fab Kills . | . . Fab Network Shutdowns . | . . Hacking | -11 -10 --------- Run | Scr Mat Machines Accessed . | . . Terminals . | . . Fabricators . | . . Repair Stations . | . . Recycling Units . | . . Scanalyzers . | . . Garrison Access . | . . Total Hacks . | . . Successful . | . . Failed . | . . Catastrophic . | . . Database Lockouts . | . . Manual . | . . Terminals . | . . Fabricators . | . . Repair Stations . | . . Recycling Units . | . . Scanalyzers . | . . Garrison Access . | . . Terminal Hacks . | . . Fabricator Hacks . | . . Repair Station Hacks . | . . Recycling Unit Hacks . | . . Scanalyzer . | . . Garrison Access Hacks . | . . Unauthorized Hacks . | . . Terminals . | . . Fabricators . | . . Repair Stations . | . . Recycling Units . | . . Scanalyzers . | . . Garrison Access . | . . Data Cores Recovered . | . . Used . | . . Hacking Detections . | . . Full Trace Events . | . . Feedback Events . | . . Feedback Blocked . | . . Robot Schematics Acquired . | . . Robots Built . | . . Matter . | . . Time . | . . Total Robot Build Rating . | . . Part Schematics Acquired . | . . Parts Built . | . . Matter . | . . Time . | . . Total Part Build Rating . | . . Parts Repaired . | . . Time . | . . Parts Recycled . | . . Recycled Matter . | . . Retrieved Matter . | . . Retrieved Components . | . . Parts Scanalyzed . | . . Part Schematics Acquired . | . . Parts Damaged . | . . Bothacking | -11 -10 ------------ Run | Scr Mat Used RIF Installer . | . . Robots Hacked . | . . Non-combat . | . . Combat . | . . Robot Hacks Applied . | . . Relay Couplers Released . | . . Robots Rewired . | . . Allies Hacked . | . . Hacks Repelled . | . . Allies | -11 -10 -------- Run | Scr Mat Total Allies . | . . Largest Group . | . . Highest-Rated Group . | . . Highest-Rated Ally . | . . Total Orders . | . . Ally Attacks . | . . Total Damage . | . . Kills . | . . Allies Corrupted . | . . Allies Melted . | . . Intel | -11 -10 ------- Run | Scr Mat Robot Analysis Total . | . . Derelict Logs Recovered . | . . Drone Launches . | . . Drone Recoveries . | . . Exploration | -11 -10 ------------- Run | Scr Mat Turns Passed 412 | 298 114 Spaces Moved 213 | 185 28 Core 55 | 55 . Treads 158 | 130 28 Legs . | . . Wheels . | . . Hover . | . . Flight . | . . Fastest Speed 50 | 50 160 Average Speed 141 | 138 160 Slowest Speed 160 | 160 160 Overloaded Moves . | . . Propulsion Burnouts . | . . Robots Hopped . | . . Cave-ins Triggered . | . . Exploration Rate (%) 8 | 11 6 Regions Visited 1 Branch Regions . Pre-discovered Areas . | . . Known Exits Taken . | . . Unknown Exits Taken 1 | 1 . Scrap Searched . | . . Spaces Dug . | . . Terrain Destroyed . | . . Melee . | . . Projectile . | . . AOE . | . . Actions | -11 -10 --------- Run | Scr Mat Total 277 | 211 66 Wait 1 | 1 . Move 212 | 184 28 Hop . | . . Pick Up 8 | 8 . Fast Attach . | . . Attach 8 | 8 . Detach 1 | 1 . Swap . | . . Drop . | . . Fire 27 | 9 18 Melee . | . . Ram 10 | . 10 Kick . | . . Crush 10 | . 10 Escape Stasis . | . . Rewire . | . . Trap . | . . Miscellaneous . | . . Route ------- -11/Scrapyard -10/Materials History --------- Turn | Location | Event 11 | -11/Scrapyard | Discovered new exit (range 14) 299 | -11/Scrapyard | Entered Materials 300 | -10/Materials | Build established: Mutant 384 | -10/Materials | Core integrity fell below 50% 400 | -10/Materials | Core integrity fell below 20% 413 | -10/Materials | Destroyed by G-34 Mercenary with Small Laser Last Messages --------------- K-01 Serf collects debris. Slammed into G-34 Mercenary. Ion Engine destroyed. Slammed into G-47 Trooper. Crushed G-47 Trooper. G-47 Trooper destroyed. Slammed into G-34 Mercenary. Lgt. Treads destroyed. Slammed into G-34 Mercenary. K-01 Serf collects debris. Slammed into G-34 Mercenary. Destabilizing: Core damaged (-2). Slammed into G-34 Mercenary. K-01 Serf collects debris. Slammed into G-34 Mercenary. Destabilizing: Core damaged (-12). Slammed into G-34 Mercenary. K-01 Serf collects debris. Slammed into G-34 Mercenary. [Achievement: First Step to Greatness] Map ----- +----------------------------------------------------+ | | | | | | | | | | | | | | | | | | | | | | | | | | | | | | | | | | | | | | | | | | | ???????????????????????#??#???????????#??????????? | | ?????????????????#???????????????????????????????? | | ????????????????#????#?????##??#??#??????????????? | | ????????????################?????????????????????? | | ??????????#?# g@%#?????????????????#???? | | ????????????# %%%#?????#???????????????? | | ???#????????# %%%########???#??????????? | | ????????????############%%%# #?????#????????? | | ???????????#?#?????????#%%%# #??????????????? | | ??????????????????#????#%*%# #??????????????? | | ?????????????#??#?##???# %k/%*** #??#???????#???? | | ???????????????????????# !%# ]** #?? ???????????? | | ??????????????##???????# # *** #??????????????? | | ???????????????#???????# ########??????????????? | | ??????????????#????????# #?????? ??????????????? | | ???????????????????????# #??? ?????????????????? | | ???????????????????????# #?????????????????????? | | ?????????????#??????#?? +?????????????????????? | | ??????????????????##?? #?????????????????????? | | ?????????????????????? #?????????????????????? | | ????????????????????? #?????????????????????? | | ????????????????????? #?????????????????????? | | ????????????????????#!! #???? ????????????????? | | ????????????????????#### #???????????? ????????? | | ???????????????????????# ??????#???????????????? | | ???????????????????????# ???????#??????????????? | | ???????????????????????? ??????????????????????? | | ?????????????????????????????????????????????????? | | ?????????????????????????????????????????????????? | +----------------------------------------------------+ Best States ------------- Heat Dissipation 25 Energy Generation 10 Energy Capacity 250 Matter Stores 300 Matter Capacity 300 Sight Range 16 Terrain Scan Range 16 Terrain Scan Density 10 Evasion (%) 50 Recoil Reduction 2 Item Schematics ----------------- None Robot Schematics ------------------ None Fabricated ------------ Nothing Alien Tech Used ----------------- None Achievements -------------- First Step to Greatness Storm Trooper Challenges ------------ None Game ------ Seed InertialCoolantElectrolaser Manual? 0 Play Time 00:08:35 Cumulative 0.2 hours Start 2019.11.05 @ 21:58:10 End 2019.11.05 @ 22:07:06 Sessions 2 Manual Loads 0 Difficulty Rogue Special Mode None Game No. 6 Rogue 6 Adventurer 0 Explorer 0 Win Type - Total 0 Types 0/0/0/0/0/0/0 Lore% 0 Gallery% 1 Achievement% 0 Wizard Run 0 Options --------- ASCII 0 Keyboard 0 Movement Numpad Keybinds 0 Fullscreen 1 Font 20/Smallcaps Map View 66x50 Tactical HUD 0 Map Filters NONE Filters NONE Steam 1 RUN: 9d9312e5-444d-4b4c-8b1a-a1af0bb248f2